 Dungeon Crawl Stone Soup version 0.25.1-8-g42b30a86e7 (webtiles) character file.

Game seed: 15209993653506306166

4754 pokeman the Thaumaturge (level 10, 0/56 HPs)
             Began as a Deep Elf Wizard on Dec 11, 2020.
             Was a Believer of Vehumet.
             Slain by a white ugly thing (17 damage)
             ... on level 7 of the Dungeon.
             The game lasted 00:26:31 (9113 turns).

pokeman the Thaumaturge (Deep Elf Wizard)           Turns: 9113, Time: 00:26:32

Health: 0/56       AC:  5    Str:  4    XL:     10   Next: 23%
Magic:  20/28      EV: 12    Int: 27    God:    Vehumet [**....]
Gold:   273        SH:  0    Dex: 16    Spells: 22/34 levels left

rFire    + . .     SeeInvis .   k - +1 mace (venom)
rCold    + . .     Gourm    .   (no shield)
rNeg     . . .     Faith    .   r - +0 leather armour
rPois    +         Spirit   .   b - +0 hat
rElec    .         Reflect  .   v - scarf {rC+ rF+}
rCorr    .         Harm     .   Q - +0 pair of fencer's gloves {Riposte Dex+3}
MR       +....                  E - +0 pair of boots
Stlth    ++........             m - amulet of regeneration
HPRegen  0.58/turn              G - ring of poison resistance
MPRegen  0.21/turn              (no ring)

@: no status effects
A: no striking features
a: Renounce Religion


You were on level 7 of the Dungeon.
You worshipped Vehumet.
Vehumet was pleased with you.
You were not hungry.

You visited 2 branches of the dungeon, and saw 8 of its levels.
You also visited: Ossuary.

You collected 273 gold pieces.

Inventory:

Hand Weapons
 k - a +1 mace of venom (weapon)
 N - a +0 shortbow
Missiles
 n - 19 bolts
 O - 30 arrows
Armour
 b - a +0 hat (worn)
 r - a +0 leather armour (worn)
 v - a scarf of resistance (worn)
 x - a +0 buckler
 E - a +0 pair of boots (worn)
 Q - the +0 pair of fencer's gloves (worn) {Riposte Dex+3}
   (You found it on level 7 of the Dungeon)

   It affects your dexterity (+3).
Magical Staves
 P - an uncursed staff of summoning {unknown}
Jewellery
 a - an uncursed ring of ice
 m - an amulet of regeneration (around neck)
 F - a cursed ring of ice
 G - a ring of poison resistance (left hand)
Wands
 t - a wand of disintegration (11)
 y - a wand of acid (6)
 D - a wand of clouds (8)
 K - a wand of flame (15)
Scrolls
 f - 4 scrolls of identify {unknown}
 g - 2 scrolls of enchant weapon {unknown}
 h - 3 scrolls of enchant armour {unknown}
 i - 7 scrolls of teleportation {unknown}
 j - a scroll of noise {unknown}
 p - 2 scrolls of remove curse {unknown}
 s - 3 scrolls of blinking {unknown}
 w - a scroll of immolation {unknown}
 A - 4 scrolls of random uselessness {unknown}
 C - a scroll of summoning {unknown}
Potions
 c - 2 potions of magic {unknown}
 e - 2 potions of berserk rage {unknown}
 l - 6 potions of mutation {unknown}
 o - 5 potions of curing
 q - 2 potions of heal wounds {unknown}
 u - 4 potions of haste
 z - 2 potions of brilliance {unknown}
 B - 2 potions of might {unknown}
 H - a potion of flight {unknown}
 I - 2 potions of degeneration {unknown}
 J - 2 potions of stabbing {unknown}
 M - a potion of lignification {unknown}
Comestibles
 d - 14 rations
 L - 5 chunks of flesh


   Skills:
 - Level 3.0 Fighting
 + Level 3.2 Armour
 - Level 3.1 Dodging
 - Level 3.1 Stealth
 - Level 2.0 Shields
 * Level 12.8 Spellcasting
 + Level 7.4 Conjurations
 - Level 1.1 Summonings
 - Level 1.1 Translocations
 + Level 6.5 Fire Magic
 - Level 1.3 Air Magic
 - Level 1.0 Poison Magic
 - Level 1.0 Evocations


You had 22 spell levels left.
You knew the following spells:

 Your Spells              Type           Power        Failure   Level  Hunger
a - Magic Dart            Conj           ####         1%          1    None
b - Mephitic Cloud        Conj/Pois/Air  ####....     4%          3    None
c - Call Imp              Summ           ###.....     5%          2    None
d - Blink                 Tloc           N/A          5%          2    None
e - Conjure Flame         Conj/Fire      ######..     1%          3    None
f - Apportation           Tloc           ###...       3%          1    None

Your spell library contained the following spells:

 Spells                   Type           Power        Failure   Level  Hunger
 Sandblast                Erth           ###...       5%          1    None
 Summon Small Mammal      Summ           ###.         3%          1    None
 Animate Skeleton         Necr           N/A          5%          1    None
 Corona                   Hex            ###....      5%          1    None
 Slow                     Hex            ###.....     9%          2    None
 Summon Guardian Golem    Hex/Summ       ###.....     13%         3    None
 Cause Fear               Hex            ###.......   47%         4    None
 Yara's Violent Unravell  Hex/Tmut       ###.......   83%         5    ##.....
 Discord                  Hex            ###.......   100%        8    #######


Dungeon Overview and Level Annotations

Branches:
Dungeon (7/15)             Temple (1/1) D:5         Ossuary (visited)

Altars:
Ashenzari
Cheibriados
Dithmenos
Elyvilon
Fedhas
Gozag
Hepliaklqana
Kikubaaqudgha
Makhleb
Nemelex Xobeh
Okawaru
Qazlal
Ru
Sif Muna
Trog
Uskayaw
Vehumet
Wu Jian
Xom
Yredelemnul
Zin
The Shining One

Shops:
D:5 !


Message History

The ball explodes into a vile cloud!
The stinking cloud engulfs your crimson imp but does no damage.
You hear a horrible gurgling sound!
Your crimson imp closely misses the death knight.
Your crimson imp blinks!
Things that are here:
a +0 robe; a +0 dagger Your crimson imp blinks!
The death knight is engulfed in noxious fumes.
A white ugly thing comes into view.
The death knight is engulfed in noxious fumes.
The death knight appears confused.
Casting: Mephitic Cloud (dangerous; 4% risk of failure)
Confirm with . or Enter, or press ? or * to list all spells.
The fire begins to smolder!
The white ugly thing tail-slaps you. The white ugly thing freezes you!
You resist.
Your crimson imp barely misses the white ugly thing.
You swap places.
The white ugly thing tail-slaps you. The white ugly thing freezes you!
You resist.
You die...

......#....#.......#.............
......#....#.>.....+.............
......#....#.......#.............
......#....#.......##.######.###.
......#....#....#####.##..##.###.
......#....#....#..........#.....
......'....#....#..........#.....
......#...##.....#+##############
......#...#.(...@5.[..p..........
......'...#...###u###[....§......
......#..<#..##.....##...........
......#.....##.......##...)......
......#....##.........########...
......'....#...........# #...
......#....#.⌠.._._..⌠.# #..p
......#..........⌠......######...
..^...#....#.⌠.._._..⌠.#p..#.....


You could see a death knight (confused), a white ugly thing and a friendly
crimson imp (summoned).

Vanquished Creatures
  A two-headed ogre (D:6)
  Pikel (D:5)
  Grinder (D:4)
  5 yaks (D:7)
  Sigmund (D:3)
  A wyvern (D:7)
  Eustachio (D:6)
  Duvessa (D:7)
  An ice beast (D:6)
  2 slaves (D:5)
  3 phantoms
  A sky beast (D:6)
  2 ogres (D:5)
  A centaur (D:7)
  4 water moccasin zombies (Ossuary)
  A scorpion (D:5)
  Dowan (D:7)
  5 killer bees (D:7)
  A howler monkey (D:6)
  2 crimson imps (D:5)
  A centaur zombie (D:5)
  5 hounds
  A bullfrog skeleton (D:5)
  3 iguanas
  3 orc wizards (D:5)
  3 worker ants
  Ijyb (D:3)
  A big kobold zombie (Ossuary)
  2 mummies (Ossuary)
  A worker ant zombie (D:6)
  A howler monkey skeleton (D:5)
  13 adders
  3 shadow imps
  7 adder zombies
  An adder skeleton (D:2)
  3 dart slugs
  3 leopard geckos
  12 orcs
  7 ball pythons
  2 bats (D:2)
  7 giant cockroaches
  2 gnoll zombies (Ossuary)
  9 hobgoblins
  6 jackals
  8 kobolds
  6 frilled lizards
  5 goblins
  5 hobgoblin zombies (Ossuary)
  6 kobold zombies (Ossuary)
  5 orc zombies
  3 rats
171 creatures vanquished.

Vanquished Creatures (collateral kills)
  A hungry ghost (D:7)
  An ice beast (D:5)
  An orc (D:5)
3 creatures vanquished.

Grand Total: 174 creatures vanquished

Notes
Turn   | Place    | Note
-------+----------+-------------------------------------------
     0 | D:1      | pokeman the Deep Elf Wizard began the quest for the Orb.
     0 | D:1      | Reached XP level 1. HP: 10/10 MP: 7/7
   216 | D:1      | Reached XP level 2. HP: 15/15 MP: 3/9
  1056 | D:2      | Reached skill level 5 in Spellcasting
  1064 | D:2      | Reached XP level 3. HP: 5/20 MP: 11/11
  1360 | D:2      | Found an iron altar of Okawaru.
  1360 | D:2      | Found a blossoming altar of Fedhas.
  1361 | D:2      | Found a sacrificial altar of Ru.
  1362 | D:2      | Found a glowing silver altar of Zin.
  1674 | D:2      | Reached skill level 1 in Fighting
  1674 | D:2      | Reached skill level 1 in Armour
  1679 | D:2      | Learned a level 3 spell: Mephitic Cloud
  1682 | D:2      | Learned a level 2 spell: Call Imp
  1685 | D:2      | Learned a level 2 spell: Blink
  1689 | D:2      | Learned a level 3 spell: Conjure Flame
  1800 | D:2      | Found a glowing golden altar of the Shining One.
  1932 | D:2      | Reached XP level 4. HP: 23/25 MP: 2/13
  2268 | D:3      | Noticed a phantom
  2533 | D:3      | Killed a phantom
  2533 | D:3      | Reached skill level 6 in Spellcasting
  2533 | D:3      | Reached skill level 1 in Air Magic
  2533 | D:3      | Reached XP level 5. HP: 13/29 MP: 0/15
  2717 | D:3      | Noticed Sigmund
  2739 | D:3      | Killed Sigmund
  2739 | D:3      | Reached skill level 1 in Fire Magic
  2739 | D:3      | Reached XP level 6. HP: 34/34 MP: 11/17
  2839 | D:3      | Reached skill level 7 in Spellcasting
  3307 | D:3      | Noticed Ijyb
  3319 | D:3      | Killed Ijyb
  3926 | D:4      | Reached skill level 1 in Poison Magic
  3926 | D:4      | Reached skill level 1 in Evocations
  3935 | D:4      | Noticed Grinder
  3938 | D:4      | Paralysed by Grinder for 6 turns
  4036 | D:4      | Killed Grinder
  4036 | D:4      | Reached skill level 1 in Shields
  4036 | D:4      | Reached skill level 8 in Spellcasting
  4036 | D:4      | Reached XP level 7. HP: 38/38 MP: 5/20
  4195 | D:4      | Learned a level 1 spell: Apportation
  4759 | D:5      | Entered Level 5 of the Dungeon
  4987 | D:5      | Reached XP level 8. HP: 27/43 MP: 3/22
  5161 | D:5      | Reached skill level 9 in Spellcasting
  5410 | D:5      | Found a staircase to the Ecumenical Temple.
  5436 | Temple   | Entered the Ecumenical Temple
  5497 | Temple   | Became a worshipper of Vehumet
  5786 | D:5      | Found Wunoev's Distillery.
  5882 | D:5      | Found a shadowy altar of Dithmenos.
  5956 | D:5      | Reached skill level 5 in Conjurations
  6197 | D:5      | Noticed Pikel
  6211 | D:5      | Killed Pikel
  6211 | D:5      | Reached skill level 10 in Spellcasting
  6268 | D:5      | Found a basalt altar of Yredelemnul.
  6490 | D:6      | Reached XP level 9. HP: 40/47 MP: 11/25
  6837 | D:6      | Noticed Eustachio
  6861 | D:6      | Killed Eustachio
  6908 | D:6      | Reached skill level 11 in Spellcasting
  6908 | D:6      | Reached skill level 5 in Fire Magic
  7054 | D:6      | Reached * piety under Vehumet
  7054 | D:6      | Offered knowledge of Freeze by Vehumet.
  7097 | D:6      | Noticed a two-headed ogre
  7114 | D:6      | HP: 2/48 [cloud of noxious fumes (1)]
  7218 | D:6      | Killed a two-headed ogre
  7698 | D:7      | Noticed Duvessa
  7699 | D:7      | Reached skill level 12 in Spellcasting
  7705 | D:7      | Noticed Dowan
  7721 | D:7      | Found a radiant altar of Vehumet.
  7722 | D:7      | Found a blossoming altar of Fedhas.
  7722 | D:7      | Found a glowing silver altar of Zin.
  7722 | D:7      | Found a shattered altar of Ashenzari.
  7747 | D:7      | Killed Dowan
  7758 | D:7      | Reached XP level 10. HP: 56/56 MP: 2/28
  7814 | D:7      | Killed Duvessa
  8132 | D:7      | Found a hide-covered altar of Uskayaw.
  8165 | D:7      | Found a sand-covered staircase.
  8177 | Ossuary  | Entered an ossuary
  8343 | Ossuary  | Reached ** piety under Vehumet
  8343 | Ossuary  | Offered knowledge of Sandblast by Vehumet.
  8624 | D:7      | Found a burning altar of Makhleb.
  8700 | D:7      | Found a hazy altar of Hepliaklqana.
  8998 | D:7      | Identified the Papyrus of Enchantment
  9016 | D:7      | Found the +0 pair of fencer's gloves {Riposte Dex+3}
  9072 | D:7      | Identified the cursed +0 hand crossbow "Ygaohainn" {freeze,
                  | MR+ Stlth+}
  9072 | D:7      | Noticed a death knight
  9111 | D:7      | Noticed a white ugly thing
  9113 | D:7      | Slain by a white ugly thing

Illustrated notes

Levels and vault maps discovered:
D:1:      saegor_arrival_simple_c, layout_basic, minmay_misc_feat_x,
          minmay_tromino_i4
D:2:      layout_loops_ring, chequers_temple_overflow_statue_of_worship,
          tso_metal_star, minmay_shallow_snake_nest
D:3:      layout_basic, minivault_26, corexii_shack, chequers_big_river,
          minmay_pentomino_pile, uniq_ijyb, uniq_sigmund
D:4:      layout_loops_cross, uniq_grinder
D:5:      layout_loops_ring, kennysheep_little_box, lemuel_doored_altar,
          minmay_temple_entry_glass, serial_shops, kennysheep_mini,
          first_ration, minmay_puff, uniq_pikel
D:6:      layout_loops_ring, uniq_eustachio
D:7:      minmay_the_grid_octo_triangle [minmay_the_grid_octo_concentric,
          minmay_the_grid_octo_prize_single_spiral,
          minmay_the_grid_octo_shrine], layout_gridville,
          nicolae_overflow_crystal_walls, lemuel_round_altar, enter_ossuary_3,
          bloody_makhleb, uniq_duvessa
Temple:   dshaligram_water_room_temple

Skill      XL: |  1  2  3  4  5  6  7  8  9 10 |
---------------+-------------------------------+-----
Spellcasting   | 5 6 8 10 12 | 12.8
Fighting       | 1 3 |  3.0
Armour         | 1 2 3 |  3.2
Conjurations   | 2 3 4 5 7 |  7.4
Dodging        | 3 |  3.1
Air Magic      | 1 |  1.3
Stealth        | 3 |  3.1
Fire Magic     | 1 2 3 4 6 |  6.5
Poison Magic   | 1 |  1.0
Evocations     | 1 |  1.0
Shields        | 1 2 |  2.0
Summonings     | |  1.1
Translocations | |  1.1

Action                   |  1- 3 |  4- 6 |  7- 9 | 10-12 || total
-------------------------+-------+-------+-------+-------++-------
Melee: Mace              |    12 |    28 |    68 |    54 ||   162
 Cast: Magic Dart        |    73 |    96 |   189 |    67 ||   425
       Mephitic Cloud    |       |     5 |    21 |     9 ||    35
       Conjure Flame     |       |     2 |    19 |     8 ||    29
       Call Imp          |       |     3 |    14 |     3 ||    20
       Apportation       |       |       |     2 |       ||     2
 Stab: Confused          |       |     3 |     7 |     2 ||    12
  Eat: Chunk             |     2 |     7 |    11 |       ||    20
       Ration            |       |       |     1 |     1 ||     2
Armor: Robe              |     2 |       |       |       ||     2
       Leather armour    |       |    18 |    20 |    21 ||    59
Dodge: Dodged            |    14 |    43 |    61 |    67 ||   185
       Rpst.: Mace       |       |       |       |     2 ||     2
